Map: Torches LE

Players

Sonar - Winner!

  • Race: Protoss Protoss
  • League: Silver
  • Spawn Location: 1:00

Kkikeur

  • Race: Protoss Protoss
  • League: Silver
  • Spawn Location: 5:00

VOD

Have the link to the VOD?

Description

Time

  • Played on: July 23, 2025, 3:50 a.m.
  • Length: 5:17
Show
View Real Time Build Order
Export as new Build Order

Sonar Protoss - Winner!

Build Orders:  

Get SALT Encoding   

  12  0:12  Pylon  
  12  0:32  Gateway  
  12  0:34  Assimilator  
  12  0:39  Assimilator, Probe  
  12  0:47  Probe  
  14  1:08  Pylon  
  14  1:32  Zealot  
  16  1:38  Cybernetics Core  
  16  1:53  Gateway  
  16  1:54  Gateway  
  16  1:55  Warp Gate  
  16  2:00  Gateway  
  16  2:06  Zealot  
  18  2:12  Probe  
  19  2:27  Probe  
  20  2:38  Stalker, Pylon  
  22  2:47  Zealot  
  24  2:55  Zealot  
  26  3:05  Zealot  
  28  3:06  Probe  
  29  3:14  Probe  
  30  3:29  Twilight Council  
  30  3:50  Pylon  
  30  4:13  Sentry  
  30  4:15  Zealot  
  34  4:18  Stalker  
  34  4:20  Zealot  
  38  4:31  Probe  
  39  4:57  Pylon  
Show
View Real Time Build Order
Export as new Build Order

Kkikeur Protoss 

Build Orders:  

Get SALT Encoding   

  12  0:01  Probe  
  13  0:13  Probe  
  14  0:19  Pylon  
  14  0:25  Probe  
  15  0:39  Probe  
  15  0:40  Gateway  
  16  0:48  Probe  
  16  0:55  Assimilator  
  17  0:57  Probe  
  18  1:09  Probe  
  19  1:20  Assimilator  
  19  1:21  Probe  
  20  1:32  Gateway  
  20  1:36  Probe  
  21  1:48  Probe  
  22  1:59  Cybernetics Core  
  22  2:00  Probe  
  23  2:25  Pylon  
  23  2:40  Stalker x2  
  23  2:42  Probe, Warp Gate  
  28  2:50  Probe  
  28  2:58  Probe  
  30  3:37  Nexus  
  30  3:42  Pylon  
  30  3:44  Probe  
  31  4:00  Sentry x2  
  35  4:11  Shield Battery  
  35  4:34  Sentry  
  37  4:49  Probe  
  37  4:50  Probe  
  39  5:01  Probe  
Tags
 
Matchup
PvP
Spawn Locations
Close Positions
Add a new tag
Caveats
  • Supply blocks, unpowered buildings, or Contaminate may cause inaccurate times.
  • Supply counts are checked every 10 seconds.